 Dungeon Crawl Stone Soup version 0.26.1-10-gdfb7c7de75 (webtiles) character file.

Game seed: 9682370490919194636

768 phalm the Shield-Bearer (level 7, -5/44 HPs)
             Began as a Gargoyle Fighter on Apr 9, 2021.
             Was an Initiate of Okawaru.
             Killed by divine providence
             ... invoked by an orc priest
              (9 damage)
             ... on level 3 of the Dungeon.
             The game lasted 00:06:59 (3772 turns).

phalm the Shield-Bearer (Gargoyle Fighter)          Turns: 3772, Time: 00:07:00

Health: -5/44      AC: 13    Str: 21    XL:     7   Next: 82%
Magic:  7/7        EV:  8    Int:  9    God:    Okawaru [......]
Gold:   163        SH: 10    Dex:  9    Spells: 6/6 levels left

rFire    . . .     SeeInvis .   a - +0 flail
rCold    . . .     Faith    .   c - +0 kite shield
rNeg     + . .     Spirit   .   b - +0 scale mail
rPois    ∞         Reflect  .   (no helmet)
rElec    +         Harm     .   o - +0 cloak
rCorr    .         Rampage  .   (no gloves)
Will     .....                  (no boots)
Stlth    ..........             (no amulet)
HPRegen  0.14/turn              (no ring)
MPRegen  0.10/turn              (no ring)

@: no status effects
A: negative energy resistance 1, electricity resistance, unbreathing,
petrification resistance, miasma immunity, AC +4
a: Renounce Religion


You were on level 3 of the Dungeon.
You worshipped Okawaru.
Okawaru was noncommittal.
You visited 2 branches of the dungeon, and saw 8 of its levels.

You collected 163 gold pieces.

Inventory:

Hand Weapons
 a - a +0 flail (weapon)
Armour
 b - a +0 scale mail (worn)
 c - a +0 kite shield (worn)
 o - a +0 cloak (worn)
Wands
 k - a wand of flame (54)
 s - a wand of paralysis (9)
Scrolls
 e - a scroll of immolation
 i - a scroll of remove curse
 j - a scroll of enchant armour
 m - a scroll of identify
 q - a scroll of blinking
Potions
 d - a potion of might
 f - a potion of ambrosia {unknown}
 g - a potion of heal wounds {unknown}
 h - a potion of cancellation {unknown}
 l - a potion of degeneration {unknown}
 n - 2 potions of curing
 p - a potion of haste {unknown}
 r - a potion of flight {unknown}
 t - a potion of brilliance {unknown}
 u - a potion of resistance {unknown}


   Skills:
 + Level 5.0 Fighting
 * Level 5.2 Maces & Flails
 + Level 4.9 Armour
 * Level 6.1 Shields
 + Level 1.0 Invocations


You had 6 spell levels left.
You didn't know any spells.
Your spell library contained the following spells:

 Spells                   Type           Power        Failure   Level
 Corona                   Hex            0%           97%         1
 Slow                     Hex            0%           99%         2
 Inner Flame              Hex/Fire       0%           100%        3
 Portal Projectile        Hex/Tloc       0%           100%        3
 Cause Fear               Hex            0%           100%        4
 Leda's Liquefaction      Hex/Erth       0%           100%        4


Dungeon Overview and Level Annotations

Branches:
Dungeon (7/15)             Temple (1/1) D:5

Altars:
Ashenzari
Cheibriados
Dithmenos
Elyvilon
Fedhas
Gozag
Hepliaklqana
Kikubaaqudgha
Makhleb
Nemelex Xobeh
Okawaru
Qazlal
Ru
Sif Muna
Trog
Uskayaw
Vehumet
Wu Jian
Xom
Yredelemnul
Zin
The Shining One

Shops:
D:4 }   D:5 [!


Innate Abilities, Weirdness & Mutations

You are resistant to torment.
Your stone body is resilient. (AC +4)
You are immune to poison.
You resist negative energy. (rN+)
You are resistant to electric shocks. (rElec)
You can survive without breathing.
You are immune to petrification.
You are immune to miasma.


Message History

a +0 short sword; a +0 chain mail; a +0 hand axe You thump the orc priest!
The orc priest is heavily wounded.
An orc comes into view. It is wielding a +0 club.
The orc priest hits you but does no damage.
The orc throws a boomerang.
The boomerang hits you but does no damage.
The weapon returns to the orc!
The orc priest calls down the wrath of Beogh upon you.
Beogh smites you!
* * * LOW HITPOINT WARNING * * *
The orc moves out of view.
Your shield and scale mail prevent you from hitting the orc priest.
The orc priest is heavily wounded.
The orc throws a boomerang.
The boomerang hits you but does no damage.
The weapon returns to the orc!
The orc priest invokes the aid of Beogh against you.
Beogh smites you!
You die...

#.##...o......###########.#
##.###.........# #.# #.
#.......(.# #.# #.
#....o....# #.### .
#####o##### #.... # #.#
#####..## #.# #......##
##########(# #.####.##
#........@o# #.####.##
#.########## #......## #.#
#.####### #.# ### # #.# #
#.# ######### #.# #........
#.# #.####### #.# #.# #.


You could see an orc priest and 2 orcs.

Vanquished Creatures
  A sky beast (D:7)
  2 phantoms (D:7)
  A centaur (D:5)
  A centaur zombie (D:7)
  A hound (D:7)
  2 orc wizards (D:3)
  A centaur skeleton (D:7)
  A bullfrog skeleton (D:6)
  3 worker ants
  8 adders
  2 white imps
  2 oozes (D:3)
  An adder skeleton (D:6)
  A worm (D:3)
  2 dart slugs (D:4)
  2 leopard geckos
  9 orcs
  8 bats
  3 giant cockroaches
  5 goblins (D:1)
  2 hobgoblins (D:1)
  3 jackals (D:3)
  5 kobolds
  3 quokkas
  2 ball pythons
  4 frilled lizards
  9 rats
84 creatures vanquished.

Notes
Turn   | Place    | Note
-------+----------+-------------------------------------------
     0 | D:1      | phalm the Gargoyle Fighter began the quest for the Orb.
     0 | D:1      | Reached XP level 1. HP: 14/14 MP: 1/1
   104 | D:1      | Reached XP level 2. HP: 19/19 MP: 2/2
   368 | D:1      | Found a broken altar of Ashenzari.
   455 | D:1      | Reached XP level 3. HP: 21/23 MP: 3/3
  1402 | D:2      | Reached skill level 4 in Shields
  1509 | D:3      | Reached XP level 4. HP: 29/29 MP: 4/4
  1509 | D:3      | You fall into a shaft and drop 2 floors!
  1509 | D:5      | Entered Level 5 of the Dungeon
  1509 | D:5      | Found Kaskes's Distillery.
  1512 | D:5      | Noticed a centaur
  1614 | D:4      | You fall into a shaft and drop 3 floors!
  1614 | D:7      | Found a sparkling altar of Nemelex Xobeh.
  1615 | D:7      | Noticed a sky beast
  1631 | D:7      | Killed a sky beast
  1632 | D:7      | Reached XP level 5. HP: 31/33 MP: 5/5
  1748 | D:7      | Noticed a phantom
  1778 | D:7      | Killed a phantom
  1779 | D:7      | Reached skill level 5 in Shields
  1779 | D:7      | Reached XP level 6. HP: 36/38 MP: 6/6
  1951 | D:7      | Noticed a phantom
  1986 | D:7      | Killed a phantom
  2076 | D:7      | Reached XP level 7. HP: 44/44 MP: 7/7
  2112 | D:6      | Found a sparkling altar of Nemelex Xobeh.
  2260 | D:5      | Found a staircase to the Ecumenical Temple.
  2273 | Temple   | Entered the Ecumenical Temple
  2279 | Temple   | Became a worshipper of Warmaster Okawaru
  2807 | D:5      | Found Xoekeoti's Antique Armour Shoppe.
  2884 | D:4      | Found Qefaj's Gadget Boutique.
  2982 | D:3      | Reached skill level 5 in Maces & Flails
  3012 | D:3      | Found a white marble altar of Elyvilon.
  3118 | D:3      | Reached skill level 6 in Shields
  3440 | D:3      | Reached skill level 1 in Invocations
  3627 | D:3      | Found a faded altar of an unknown god.
  3770 | D:3      | Reached skill level 5 in Fighting
  3772 | D:3      | Killed from afar by an orc priest

Illustrated notes

Levels and vault maps discovered:
D:1:      dpeg_arrival_signposts, layout_basic, serial_aquarium,
          aquarium_bridge_straight [aquarium_subvault_bridge,
          aquarium_subvault_window, aquarium_subvault_bridge,
          aquarium_subvault_wall], aquarium_window_1, aquarium_window_fake,
          aquarium_view_2a, aquarium_view_2c, aquarium_pool_S,
          evilmike_ruin_ashenzari
D:2:      layout_basic
D:3:      layout_basic, chequers_ecumenical_altar_simple, elyvilon_altar_4
D:4:      layout_gridville, serial_shops, shop, minmay_misc_feat_cross,
          uniq_natasha
D:5:      layout_rooms, minmay_temple_entry_metal_lava, serial_shops,
          shop_fountains, shop, nicolae_shop_statue_plus, shop_fountains,
          uniq_grinder
D:6:      layout_cave_pools, lemuel_crystal_altar, minmay_misc_feat_enclosed
D:7:      layout_loops_ring, basic_altar
Temple:   nicolae_temple_the_god_donut

Skill      XL: |  1  2  3  4  5  6  7 |
---------------+----------------------+-----
Shields        | 4 5 6 |  6.1
Maces & Flails | 3 4 5 |  5.2
Fighting       | 4 5 |  5.0
Armour         | 4 |  4.9
Invocations    | 1 |  1.0

Action                   |  1- 3 |  4- 6 |  7- 9 || total
-------------------------+-------+-------+-------++-------
Melee: Flail             |   137 |   104 |   174 ||   415
  Use: Scroll            |       |       |     6 ||     6
Armor: Scale mail        |    81 |    54 |   117 ||   252
Dodge: Dodged            |    56 |    25 |    73 ||   154
Block: Kite shield       |    79 |    48 |    96 ||   223
